 Dungeon Crawl Stone Soup version 0.31.0-32-g396128a36d (webtiles) character file.

Game seed: 10066660444543667402

4644 Squawktopus the Fighter (level 10, -7/72 HPs)
             Began as an Octopode Shapeshifter on Apr 12, 2024.
             Was an Initiate of Gozag.
             Mangled by a wyvern (19 damage)
             ... on level 8 of the Dungeon.
             The game lasted 00:13:20 (8765 turns).

Squawktopus the Fighter (Octopode Shapeshifter)     Turns: 8765, Time: 00:13:21

Health: -7/72      AC:  1    Str: 19    XL:     10   Next: 43%
Magic:  13/13      EV: 22    Int: 18    God:    Gozag
Gold:   861        SH:  0    Dex: 11    Spells: 10/13 levels left

rFire   . .          .
                       - Unarmed
rCold   + . .        (shield currently unavailable)
rNeg    . . .        (helmet restricted)
rPois   +            (no amulet)
rElec   .            S - +6 ring of strength
rCorr   .            C - ring of protection from cold
SInv    .            E - +5 ring of evasion
Will    .....        P - ring of poison resistance
Stlth   +            (no ring)
HPRegen 0.32/turn    (no ring)
MPRegen 0.13/turn    (no ring)
                     (no ring)

%: no passive effects
@: flux-form, glowing
A: glow, contaminating, almost no armour, amphibious, 8 rings, camouflage 1,
gelatinous body 1, (nimble swimmer 1), tentacles
a: Begin Untransformation, Renounce Religion, Potion Petition, Call Merchant,
Bribe Branch


You were on level 8 of the Dungeon.
You worshipped Gozag.
Gozag was pleased with you.
You were something dangerously unstable.
You visited 2 branches of the dungeon, and saw 10 of its levels.
You also visited: Sewer.

You collected 974 gold pieces.
You paid 113 gold pieces to Gozag.


Innate Abilities, Weirdness & Mutations

You are something dangerously unstable.
You glow with magical radiation, making you easy to see and hit.
Foes you strike become dangerously contaminated with magical radiation.
You are incapable of wielding weapons or throwing items.
You cannot wear most types of armour.
You are amphibious.
You can wear up to eight rings at the same time.
Your skin changes colour to match your surroundings (Stealth+).
Your rubbery body absorbs attacks. (AC +1, EV +1)
((You are camouflaged when in or above water. (Stealth+)))
You have tentacles for arms and can constrict up to eight enemies at once.


   Skills:
 - Level 8.0 Fighting
 - Level 2.0 Dodging
 - Level 7.0 Unarmed Combat
 - Level 2.0 Spellcasting
 - Level 6.0 Summonings
 + Level 5.5 Ice Magic
 - Level 7.0 Shapeshifting


You had 10 spell levels left.
You knew the following spells:

 Your Spells              Type           Power      Damage    Failure   Level
b - Summon Ice Beast      Ice/Summ       22%        N/A       4%          3

Your spell library contained the following spells:

 Spells                   Type           Power      Damage    Failure   Level
 Ensorcelled Hibernation  Hex/Ice        22%        N/A       9%          2
 Hailstorm                Conj/Ice       11%        3d6       17%         3
 Passwall                 Erth           1%         N/A       47%         3
 Swiftness                Air            1%         N/A       47%         3
 Sculpt Simulacrum        Ice/Alch       5%         N/A       100%        6

Inventory:

Magical Staves
 j - a staff of cold {!a}
Jewellery
 u - an amulet of magic regeneration
 C - a ring of protection from cold (right tentacle)
 E - a +5 ring of evasion (on tentacle)
 P - a ring of poison resistance (on tentacle)
 S - a +6 ring of strength (left tentacle)
Talismans
 b - a beast talisman
 c - a flux talisman (active)
 v - a maw talisman
Wands
 w - a wand of flame (36)
 x - a wand of polymorph (5)
Scrolls
 e - 4 scrolls of fog {unknown}
 f - 2 scrolls of summoning {unknown}
 i - 3 scrolls of teleportation {unknown}
 m - 5 scrolls of revelation {unknown}
 n - a scroll of immolation {unknown}
 t - 2 scrolls of enchant weapon {unknown}
 y - a scroll of poison {unknown}
 z - a scroll of identify {@r1}
 A - a scroll of blinking {unknown}
Potions
 a - a potion of lignification
 d - 2 potions of haste {@q3}
 g - 2 potions of resistance
 h - 3 potions of heal wounds {@q2}
 k - a potion of attraction
 l - a potion of enlightenment
 o - 2 potions of experience {unknown}
 p - a potion of mutation {unknown}
 q - 4 potions of invisibility
 r - 3 potions of might {unknown}
 s - a potion of brilliance {unknown}

Dungeon Overview and Level Annotations

Branches:
Dungeon (9/15)             Temple (1/1) D:5           Sewer (visited)
   Lair: D:8-11         Orc: D:9-12

Altars:
Ashenzari
Cheibriados
Dithmenos
Elyvilon
Fedhas
Gozag
Hepliaklqana
Kikubaaqudgha
Makhleb
Nemelex Xobeh
Okawaru
Qazlal
Ru
Sif Muna
Trog
Uskayaw
Vehumet
Wu Jian
Xom
Yredelemnul
Zin
The Shining One

Shops:
D:3

: # #.# #.###....(......()..###
# #.# #.......................#
###.####.###........(......###.#
....#.......######..)#####.#
#.#.#.##.##.# ##..<$......#
#.#.#.##.##.# #.......#####
#........##.# ##.....##
###.#.##..#.####k......#
....#.###.......p#...#.####
#####.....#####..##.......##
#######.#.# #..###.......##
..........# #.............##
#######...# #[.###.#.......# #
#...#####..##..........#
#..........##..#.......#
#........#.##.........##
#..##..#.#.......#...#..


You could see a wyvern.


Message History

Your ice beast freezes the wyvern!
The wyvern bites your ice beast!
Your ice beast dies!
Your ice beast disappears in a puff of smoke!
You are no longer corroded.
There is a stone staircase leading up here.
You climb upwards.
There is a stone staircase leading down here.
Unknown command.
You start resting.
Magic restored.
HP restored.
You climb downwards.
The wyvern bites you!!
The sky beast flickers out of sight!
Deactivating autopickup; reactivate with Ctrl-A.
Something hits you. Something shocks you. The wyvern bites you!
* * * LOW HITPOINT WARNING * * *
Something hits you.
* * * LOW HITPOINT WARNING * * *
Something shocks you.
* * * LOW HITPOINT WARNING * * *
The wyvern completely misses you.
There is a stone staircase leading up, spattered with blood here.
The wyvern completely misses you. The wyvern bites you!
* * * LOW HITPOINT WARNING * * *
The wyvern completely misses you. The wyvern attacks as it pursues you!
The wyvern misses you. The wyvern bites you!!
You die...
Your body crumbles into a pile of gold.

Skill      XL: |  1  2  3  4  5  6  7  8  9 10 |
---------------+-------------------------------+-----
Fighting       | 2 3 6 7 8 |  8.0
Shapeshifting  | 4 6 7 |  7.0
Unarmed Combat | 6 7 |  7.0
Spellcasting   | 2 |  2.0
Summonings     | 5 6 |  6.0
Ice Magic      | 4 5 |  5.5
Dodging        | |  2.0

Action                     |  1- 3 |  4- 6 |  7- 9 | 10-12 || total
---------------------------+-------+-------+-------+-------++-------
  Melee: Unarmed           |    76 |   123 |   254 |    46 ||   499
         Constrict         |    14 |    27 |    58 |    10 ||   109
         Tentacles         |     8 |    21 |    73 |    11 ||   113
         Punch             |     2 |     4 |       |       ||     6
   Cast: Summon Ice Beast  |       |       |     5 |     3 ||     8
  Evoke: Wand              |       |       |       |     1 ||     1
    Use: Potion            |       |     6 |     1 |       ||     7
         Scroll            |       |     6 |     1 |       ||     7
   Stab: Sleeping          |    11 |     8 |     5 |       ||    24
 Armour: Skin              |    41 |    74 |    86 |    23 ||   224
  Dodge: Dodged            |    33 |    67 |   233 |    53 ||   386
   Form: Flux              |       |       |     1 |       ||     1

Levels and vault maps discovered:
D:1:      minmay_arrival_diagonal_passages, layout_loops_ring,
          basic_ecumenical_altar
D:2:      minmay_thinvault, layout_loops_ring, uniq_sigmund
D:3:      layout_loops_ring, serial_shops, shop, shop
D:4:      layout_cave_pools
D:5:      layout_rooms, minmay_temple_entry_glassed_door,
          mainiacjoe_sewer_entry_somewhere_in_here_1
D:6:      layout_basic
D:7:      layout_loops_ring, lemuel_crystal_altar
D:8:      layout_loops_cross, gammafunk_ghost_ooze, kennysheep_kite_vault,
          uniq_pikel
D:9:      layout_big_octagon, erik_lair_dragon, hiddenorc1_lemuel, uniq_jeremiah
Temple:   mainiacjoe_temple_archimedes_tessellation

Notes
Turn   | Place    | Note
-------+----------+-------------------------------------------
     0 | D:1      | Squawktopus the Octopode Shapeshifter began the quest for
                  | the Orb.
     0 | D:1      | Reached XP level 1. HP: 13/13 MP: 1/1
   175 | D:1      | Reached skill level 2 in Fighting
   175 | D:1      | Reached XP level 2. HP: 19/19 MP: 2/2
   365 | D:1      | Reached XP level 3. HP: 23/25 MP: 3/3
   415 | D:1      | Reached skill level 3 in Fighting
   640 | D:1      | Found a faded altar of an unknown god.
  1103 | D:2      | Reached XP level 4. HP: 21/33 MP: 4/4
  1179 | D:2      | Reached skill level 4 in Fighting
  1404 | D:2      | Noticed Sigmund
  1437 | D:2      | HP: 1/34 [something (14)]
  1451 | D:2      | Killed Sigmund
  1452 | D:2      | Reached skill level 6 in Fighting
  1452 | D:2      | Reached XP level 5. HP: 8/41 MP: 5/5
  1452 | D:2      | Reached XP level 6. HP: 9/46 MP: 6/6
  2370 | D:3      | Found Carainah's Book Shop.
  2395 | D:3      | Found Epsociec's General Store.
  3048 | D:4      | Reached skill level 4 in Shapeshifting
  3420 | D:4      | Identified 2 potions of resistance
  3452 | D:5      | Entered Level 5 of the Dungeon
  3466 | D:5      | Reached XP level 7. HP: 26/52 MP: 7/7
  3619 | D:5      | Identified the +1 short sword of the Wilderness {vamp, rN+
                  | Str+2}
  3662 | D:5      | Reached skill level 5 in Shapeshifting
  3734 | D:5      | Found a glowing drain.
  3737 | Sewer    | Entered a sewer
  3899 | Sewer    | Noticed Pargi
  3923 | Sewer    | Killed Pargi
  3987 | D:5      | Reached skill level 6 in Shapeshifting
  4259 | D:5      | Reached XP level 8. HP: 20/57 MP: 8/8
  4391 | D:5      | Found a staircase to the Ecumenical Temple.
  4452 | D:5      | Reached skill level 7 in Shapeshifting
  4479 | Temple   | Entered the Ecumenical Temple
  4491 | Temple   | Became a worshipper of Gozag Ym Sagoz the Greedy
  5169 | D:6      | Reached skill level 4 in Unarmed Combat
  5214 | D:6      | Reached skill level 5 in Unarmed Combat
  6047 | D:7      | Reached skill level 7 in Fighting
  6129 | D:7      | Reached skill level 6 in Unarmed Combat
  6129 | D:7      | Reached XP level 9. HP: 60/64 MP: 9/9
  6464 | D:7      | Reached skill level 7 in Unarmed Combat
  6468 | D:7      | Reached skill level 1 in Spellcasting
  6472 | D:7      | Learned a level 3 spell: Summon Ice Beast
  6558 | D:7      | Found a hazy altar of Hepliaklqana.
  7014 | D:8      | Identified the beast talisman "Gyofuc" {rC+ Int+3}
  7034 | D:8      | Reached skill level 2 in Spellcasting
  7034 | D:8      | Reached skill level 1 in Summonings
  7034 | D:8      | Reached skill level 1 in Ice Magic
  7097 | D:8      | Reached skill level 2 in Ice Magic
  7101 | D:8      | Reached skill level 2 in Summonings
  7145 | D:8      | Noticed Pikel
  7327 | D:8      | Reached skill level 3 in Ice Magic
  7391 | D:8      | Reached skill level 3 in Summonings
  7519 | D:8      | Reached skill level 4 in Summonings
  7519 | D:8      | Reached skill level 4 in Ice Magic
  7527 | D:8      | Reached skill level 5 in Summonings
  7699 | D:8      | Noticed a six-headed hydra
  7728 | D:8      | Reached XP level 10. HP: 35/71 MP: 3/13
  8185 | D:7      | Killed Pikel
  8186 | D:7      | Reached skill level 6 in Summonings
  8462 | D:8      | Reached skill level 8 in Fighting
  8531 | D:8      | Reached skill level 5 in Ice Magic
  8555 | D:8      | HP: 6/72 [acid dragon (4)]
  8765 | D:8      | Mangled by a wyvern

Vanquished Creatures
  Pikel (D:7)
  A hornet (D:8)
  Sigmund (D:2)
  4 yaks (D:8)
  2 steam dragons (D:8)
  A vampire mosquito (D:8)
  An acid dragon (D:8)
  A water moccasin (D:7)
  Pargi (Sewer)
  2 orc warriors (D:6)
  A sky beast (D:7)
  2 black bears (D:7)
  3 centaurs
  2 lemures (D:8)
  2 phantoms
  A kobold brigand (D:8)
  A brain worm (Sewer)
  3 bullfrogs
  3 scorpions
  8 killer bees (D:8)
  2 howler monkeys
  A hound (D:5)
  2 jellies (D:5)
  2 orc priests
  3 iguanas
  2 sleepcaps
  5 orc wizards
  4 gnolls (D:6)
  9 adders
  3 shadow imps
  A white imp (D:7)
  4 ufetubi
  2 ribbon worms (D:2)
  3 dart slugs
  17 orcs
  8 ball pythons
  8 endoplasms
  7 giant cockroaches
  12 goblins
  4 hobgoblins
  4 jackals (D:3)
  2 quokkas (D:1)
  10 bats
  17 frilled lizards
  9 kobolds
  6 rats
188 creatures vanquished.

Vanquished Creatures (collateral kills)
  A centaur (D:8)
1 creature vanquished.

Grand Total: 189 creatures vanquished

Table legend: (Time is in decaauts)
 A = Elapsed time spent in this place.
 B = Non-inter-level travel time spent in this place.
 C = Inter-level travel time spent in this place.
 D = Time resting spent in this place.
 E = Time spent auto-exploring this place.
 F = Levels seen in this place.
 G = Mean time per level.
                   A        B        C        D        E       F      G
               +--------+--------+--------+--------+--------+-----+--------+
         Total |   8725 |   8409 |    316 |   2052 |   4968 |  11 |  793.2 |
       Dungeon |   8459 |   8167 |    292 |   2008 |   4877 |   9 |  939.9 |
        Temple |     24 |      1 |     23 |      0 |      0 |   1 |   24.0 |
         Sewer |    241 |    241 |      0 |     44 |     91 |   1 |  241.0 |
               +--------+--------+--------+--------+--------+-----+--------+

Top non-repeatable levels by time:
     D:7: 1886 daAuts
     D:2: 1460 daAuts
     D:5: 1147 daAuts
     D:6: 1115 daAuts
     D:8: 868 daAuts
     D:1: 828 daAuts
     D:3: 672 daAuts
     D:4: 479 daAuts
   Sewer: 241 daAuts
  Temple: 24 daAuts
     D:9: 1 daAuts

Table legend:
 A = Non-vault XP
 B = Vault XP
 C = Vault XP percentage of total XP
 D = Non-vault monster count
 E = Vault monster count
 F = Vault count percentage of total count
                 A         B        C        D         E       F
            +---------+---------+-------+---------+---------+-------
      Total |    4179 |    2456 |  37.0 |     142 |      45 |  24.1
            +---------+---------+-------+---------+---------+-------
        D:1 |      48 |       0 |   0.0 |      28 |       0 |   0.0
        D:2 |      60 |     290 |  82.9 |      19 |      15 |  44.1
        D:3 |      58 |       0 |   0.0 |      14 |       0 |   0.0
        D:4 |     118 |       0 |   0.0 |       9 |       0 |   0.0
        D:5 |     630 |       6 |   0.9 |      15 |       5 |  25.0
        D:6 |     685 |       0 |   0.0 |      19 |       0 |   0.0
        D:7 |     850 |     785 |  48.0 |      17 |       3 |  15.0
        D:8 |    1730 |    1140 |  39.7 |      21 |      10 |  32.3
      Sewer |       0 |     235 | 100.0 |       0 |      12 | 100.0
            +---------+---------+-------+---------+---------+-------
